 Dungeon Crawl Stone Soup version 0.25-a0-972-g74ed164fb1 (webtiles) character file.

Game seed: 13711625541144243572, levelgen mode: deterministic

26365 Morrissey the Spear-Bearer (level 13, -2/106 HPs)
             Began as a Formicid Fighter on May 9, 2020.
             Was a High Priest of Wu Jian.
             Slain by a wolf spider (12 damage)
             ... on level 6 of the Lair of Beasts.
             The game lasted 00:28:06 (18036 turns).

Morrissey the Spear-Bearer (Formicid Fighter)      Turns: 18036, Time: 00:28:08

Health: -2/106     AC: 17    Str: 24    XL:     13   Next: 57%
Magic:  13/13      EV:  7    Int: 11    God:    Wu Jian [*****.]
Gold:   693        SH: 13    Dex: 10    Spells: 12/12 levels left

rFire    + + +     SeeInvis +   a - +5 trident of the Land of Plenty {vorpal, rC++ Str-3 Int+4 Stlth+}
rCold    + + +     Gourm    .   c - +0 kite shield
rNeg     . . .     Faith    .   m - +2 plate armour of Noughts and Crosses {+Blink rF++ rCorr Stlth-}
rPois    .         Spirit   .   (helmet unavailable)
rElec    .         Reflect  .   (no cloak)
rCorr    +         Harm     .   (no gloves)
MR       +....                  (no boots)
Stlth    ..........             L - amulet of the acrobat
HPRegen  0.27/turn              p - ring of protection from fire
MPRegen  0.13/turn              h - ring of protection from cold

@: no status effects
A: permanent stasis, dig shafts and tunnels, four strong arms, antennae 3
a: Dig, Shaft Self, Wall Jump, Serpent's Lash, Heavenly Storm, Renounce Religion


You were on level 6 of the Lair of Beasts.
You worshipped Wu Jian.
Wu Jian was extremely pleased with you.
You were not hungry.

You visited 3 branches of the dungeon, and saw 17 of its levels.
You also visited: Ossuary.

You collected 1247 gold pieces.
You spent 554 gold pieces at shops.

Inventory:

Hand Weapons
 a - the +5 trident of the Land of Plenty (weapon) {vorpal, rC++ Str-3 Int+4 Stlth+}
   (You bought it in a shop on level 5 of the Dungeon)

   It inflicts extra damage upon your enemies.
   It affects your strength (-3).
   It affects your intelligence (+4).
   It greatly protects you from cold.
   It makes you more stealthy.
 g - a +0 trident
 E - the +3 falchion "Xaasaan" {flame, Str+5}
   (You found it on level 5 of the Dungeon)

   It has been specially enchanted to burn those struck by it, causing extra
   injury to most foes and up to half again as much damage against particularly
   susceptible opponents.
   Big, fiery blades are also staple armaments of hydra-hunters.
   It affects your strength (+5).
Armour
 c - a +0 kite shield (worn)
 m - the +2 plate armour of Noughts and Crosses (worn) {+Blink rF++ rCorr Stlth-}
   (You took it off a gnoll on level 8 of the Dungeon)

   It greatly protects you from fire.
   It lets you blink.
   It provides partial protection from all sources of acid and corrosion.
   It makes you less stealthy.
Jewellery
 h - a ring of protection from cold (right hand)
 p - a ring of protection from fire (left hand)
 y - an uncursed ring of resist corrosion
 L - an amulet of the acrobat (around neck)
Wands
 w - a wand of paralysis (15)
 B - a wand of flame (66)
 H - a wand of polymorph (17)
 I - a wand of digging (6)
 M - a wand of enslavement (11)
 N - a wand of acid (7)
 S - a wand of iceblast (5)
 W - a wand of clouds (5)
Scrolls
 d - 2 scrolls of noise {unknown}
 e - 5 scrolls of fog
 i - 2 scrolls of enchant armour {unknown}
 j - a scroll of immolation {unknown}
 l - 2 scrolls of blinking {unknown}
 n - 5 scrolls of fear
 v - 8 scrolls of remove curse {unknown}
 x - 4 scrolls of enchant weapon {unknown}
 z - a scroll of random uselessness {unknown}
 C - 4 scrolls of amnesia {unknown}
 G - 2 scrolls of magic mapping {unknown}
 O - a scroll of holy word {unknown}
 Q - a scroll of vulnerability {unknown}
 R - a scroll of summoning {unknown}
 T - a scroll of silence {unknown}
Potions
 b - 6 potions of lignification
 k - a potion of flight
 o - 2 potions of haste {unknown}
 q - 4 potions of curing
 r - 2 potions of invisibility {unknown}
 s - 4 potions of mutation
 t - a potion of brilliance
 u - 2 potions of cancellation {unknown}
 A - 3 potions of heal wounds {unknown}
 D - 5 potions of resistance
 F - a potion of magic {unknown}
 J - 3 potions of stabbing
 K - a potion of ambrosia {unknown}
 P - 2 potions of might
 U - a potion of berserk rage {unknown}
Comestibles
 f - 34 rations


   Skills:
 + Level 11.3 Fighting
 * Level 13.7 Polearms
 + Level 11.3 Armour
 + Level 12.1 Shields


You had 12 spell levels left.
You didn't know any spells.
Your spell library contained the following spells:

 Spells                   Type           Power        Failure   Level  Hunger
 Freeze                   Ice            #...         98%         1    ##.....
 Magic Dart               Conj           #...         98%         1    ##.....
 Call Imp                 Summ           #.......     99%         2    ###....
 Slow                     Hex            #.......     99%         2    ###....
 Conjure Flame            Conj/Fire      #.......     100%        3    ####...
 Frozen Ramparts          Ice            #.....       100%        3    ####...
 Mephitic Cloud           Conj/Pois/Air  #.......     100%        3    ####...
 Ozocubu's Armour         Chrm/Ice       #.......     100%        3    ####...
 Hailstorm                Conj/Ice       #.......     100%        4    #####..
 Summon Ice Beast         Ice/Summ       #.......     100%        4    #####..
 Blink                    Tloc           Unusable     N/A         2    N/A

Dungeon Overview and Level Annotations

Branches:
Dungeon (10/15)            Temple (1/1) D:6            Lair (6/6) D:9
 Shoals (0/4) Lair:4       Spider (0/4) Lair:3        Slime (0/5) Lair:5
Ossuary (visited)
    Orc: D:9-12

Altars:
Ashenzari
Cheibriados
Dithmenos
Elyvilon
Fedhas
Gozag
Hepliaklqana
Kikubaaqudgha
Makhleb
Nemelex Xobeh
Okawaru
Qazlal
Ru
Trog
Uskayaw
Vehumet
Wu Jian
Zin
Jiyva

Shops:
D:5 [(%   D:6 !

Annotations:
D:5 1 runed translucent door, FrogZ's ghost, novice DsBe
Lair:2 exclusion: oklob plant


Innate Abilities, Weirdness & Mutations

You cannot be hasted, slowed, berserked, paralysed or teleported.
You can dig through walls and to a lower floor.
Your four strong arms can wield two-handed weapons with a shield.
You have a pair of large antennae on your head. (SInv)


Message History

* * * LOW HITPOINT WARNING * * *
The wolf spider bites you.
* * * LOW HITPOINT WARNING * * *
The black mamba barely misses you.
Unknown command.
Unknown command.
You feel better. You block the wolf spider's attack. x2
The black mamba bites you but does no damage. x2
You block the wolf spider's attack.
The wolf spider bites you but does no damage.
Aiming: Wall Jump
Press: ? - help, Dir - move target cursor You repeatedly attack the wolf spider from above.
You closely miss the wolf spider. You barely miss the wolf spider.
You hit the wolf spider.
The wolf spider is lightly wounded.
You block the wolf spider's attack. x2
The black mamba bites you but does no damage.
The wolf spider hits you!
You die...

{ { ###........ #.. {
{###.P........ #.. {
###..P......... ....
###....P........) .PP..
#............P..P
.PP..##......†.......P#
......###....P<......#
#..○○###..P...P..P#
#.$##@s.###.P....P#.. #
##Sl..###....#...
{##.....#...#....
##.......## #..
##......# # ##....##
{##P..# #...# #...#


You could see a wolf spider, a black mamba and a wyvern.

Vanquished Creatures
  A hydra (Lair:5)
  3 death yaks (Lair:4)
  An orb spider (Lair:3)
  9 black mambas
  4 elephants (Lair:5)
  6 spiny frogs
  2 rime drakes
  4 komodo dragons
  A troll (D:9)
  2 hornets
  A polar bear (Lair:5)
  12 blink frogs
  3 hippogriffs
  25 yaks
  2 wyverns
  4 basilisks
  Menkaure (D:5)
  A warg (Lair:6)
  10 water moccasins
  8 porcupines
  2 sky beasts
  4 black bears
  4 orc warriors
  An ice beast (D:9)
  10 wolves
  4 ogres
  3 centaurs
  8 crocodiles
  A big kobold (D:8)
  A gnoll sergeant (D:8)
  10 bullfrogs
  A wyvern zombie (D:9)
  A wyvern skeleton (D:8)
  2 scorpions
  4 killer bees (D:8)
  3 wights (D:5)
  An electric eel (D:7)
  4 howler monkeys
  A crimson imp (D:6)
  3 bullfrog zombies
  A quasit (D:9)
  5 orc priests
  2 centaur skeletons
  2 bullfrog skeletons
  3 iguanas
  Jessica (D:2)
  8 orc wizards
  2 hell rats (Lair:2)
  4 worker ants
  A big kobold zombie (Ossuary)
  3 hound skeletons
  8 mummies (Ossuary)
  Robin (D:2)
  3 gnolls (D:8)
  A howler monkey skeleton (D:6)
  12 adders
  8 river rats (Lair:2)
  2 shadow imps
  An ooze (D:1)
  3 worms
  2 dart slugs
  4 leopard geckos
  39 orcs
  A ball python (D:3)
  4 giant cockroaches
  A gnoll zombie (Ossuary)
  19 goblins
  24 hobgoblins
  9 jackals
  8 kobolds
  5 quokkas
  9 bats
  6 frilled lizards
  A hobgoblin zombie (Ossuary)
  2 kobold zombies (Ossuary)
  3 orc zombies (Ossuary)
  A quokka skeleton (D:4)
  7 rats
384 creatures vanquished.

Vanquished Creatures (others)
  38 fungi
  12 plants
50 creatures vanquished.

Grand Total: 434 creatures vanquished

Notes
Turn   | Place    | Note
-------+----------+-------------------------------------------
     0 | D:1      | Morrissey the Formicid Fighter began the quest for the Orb.
     0 | D:1      | Reached XP level 1. HP: 18/18 MP: 1/1
    54 | D:1      | Reached XP level 2. HP: 24/24 MP: 2/2
   386 | D:1      | Reached XP level 3. HP: 29/29 MP: 3/3
  1014 | D:2      | Found an opulent altar of Gozag.
  1065 | D:2      | Reached XP level 4. HP: 37/37 MP: 4/4
  1125 | D:2      | Reached skill level 3 in Polearms
  1893 | D:2      | Noticed Jessica
  1898 | D:2      | Killed Jessica
  1898 | D:2      | Reached XP level 5. HP: 41/42 MP: 5/5
  1945 | D:2      | Noticed Robin
  1997 | D:2      | Killed Robin
  2677 | D:3      | Reached skill level 4 in Polearms
  2677 | D:3      | Reached XP level 6. HP: 21/48 MP: 6/6
  2992 | D:3      | Found a sparkling altar of Nemelex Xobeh.
  3802 | D:4      | Found a radiant altar of Vehumet.
  3906 | D:4      | Reached skill level 5 in Shields
  4052 | D:4      | Found a sacrificial altar of Ru.
  4271 | D:4      | You fall into a shaft and drop 2 floors!
  4292 | D:6      | Reached XP level 7. HP: 36/55 MP: 7/7
  4373 | D:6      | You fall into a shaft and drop 2 floors!
  4844 | D:5      | Entered Level 5 of the Dungeon
  4860 | D:5      | Found Asij's Armour Shoppe.
  4884 | D:5      | Reached skill level 5 in Polearms
  5147 | D:5      | Reached skill level 5 in Fighting
  5147 | D:5      | Reached skill level 5 in Armour
  5235 | D:5      | Noticed Menkaure
  5243 | D:5      | Killed Menkaure
  5243 | D:5      | Reached XP level 8. HP: 42/62 MP: 8/8
  5257 | D:5      | Reached skill level 6 in Polearms
  5285 | D:5      | Found a sand-covered staircase.
  5294 | D:5      | Got a fine falchion
  5298 | Ossuary  | Entered an ossuary
  5300 | Ossuary  | Identified the +3 falchion "Xaasaan" {flame, Str+5} (You
                  | found it on level 5 of the Dungeon)
  5800 | D:5      | Found Oliovuf's Antique Weapon Shop.
  5805 | D:5      | Bought an encrusted trident for 204 gold pieces
  5805 | D:5      | Identified the +5 trident of the Land of Plenty {vorpal,
                  | rC++ Str-3 Int+4 Stlth+} (You bought it in a shop on level
                  | 5 of the Dungeon)
  6113 | D:5      | Found a runed translucent door.
  6113 | D:5      | Noticed FrogZ's ghost (novice DsBe)
  6137 | D:5      | Found a blossoming altar of Fedhas.
  6179 | D:5      | Identified the +11 hand axe "Musape" {venom, rElec MR+
                  | Str+3 Int+4 Stlth+}
  6232 | D:5      | Found Zaborufie's Food Shop.
  6508 | D:6      | Found a staircase to the Ecumenical Temple.
  6535 | D:6      | Found Kaot's Distillery.
  6639 | D:6      | Bought a potion of mutation for 112 gold pieces
  6639 | D:6      | Bought a potion of stabbing for 56 gold pieces
  6639 | D:6      | Bought a potion of resistance for 140 gold pieces
  6639 | D:6      | Bought a potion of lignification for 42 gold pieces
  6712 | Temple   | Entered the Ecumenical Temple
  6819 | Temple   | Became a worshipper of the Wu Jian Council
  7030 | D:6      | Reached skill level 7 in Polearms
  7030 | D:6      | Reached XP level 9. HP: 69/69 MP: 9/9
  7491 | D:7      | Found an opulent altar of Gozag.
  7492 | D:7      | Found an iron altar of Okawaru.
  7493 | D:7      | Found a glowing silver altar of Zin.
  7493 | D:7      | Found a hide-covered altar of Uskayaw.
  7494 | D:7      | Found a bloodstained altar of Trog.
  7494 | D:7      | Found a sacrificial altar of Ru.
  7494 | D:7      | Found a sparkling altar of Nemelex Xobeh.
  7497 | D:7      | Found a shadowy altar of Dithmenos.
  7962 | D:8      | Reached * piety under Wu Jian
  8005 | D:8      | Reached skill level 8 in Polearms
  8131 | D:8      | Identified the +2 plate armour of Noughts and Crosses
                  | {+Blink rF++ rCorr Stlth-}
  8663 | D:8      | Reached XP level 10. HP: 79/79 MP: 10/10
  8690 | D:8      | Found an ancient bone altar of Kikubaaqudgha.
  9135 | D:9      | Reached skill level 9 in Polearms
  9472 | D:9      | Reached ** piety under Wu Jian
  9615 | D:9      | Found a staircase to the Lair.
 10655 | D:10     | Entered Level 10 of the Dungeon
 10671 | D:10     | Noticed an orc knight
 10715 | Lair:1   | Entered Level 1 of the Lair of Beasts
 10883 | Lair:1   | Reached skill level 10 in Polearms
 11074 | Lair:1   | Noticed a komodo dragon
 11084 | Lair:1   | Killed a komodo dragon
 11084 | Lair:1   | Reached XP level 11. HP: 74/87 MP: 11/11
 11874 | Lair:1   | Reached skill level 11 in Polearms
 12437 | Lair:2   | Noticed an oklob plant
 12568 | Lair:2   | Reached skill level 10 in Shields
 12642 | Lair:2   | Reached *** piety under Wu Jian
 13632 | Lair:3   | Reached XP level 12. HP: 82/96 MP: 12/12
 14105 | Lair:3   | Reached skill level 12 in Polearms
 14463 | Lair:3   | Reached **** piety under Wu Jian
 14489 | Lair:3   | Reached skill level 10 in Fighting
 14489 | Lair:3   | Reached skill level 10 in Armour
 14847 | Lair:3   | Found a hole to the Spider Nest.
 15211 | Lair:4   | Found a staircase to the Shoals.
 15350 | Lair:4   | Noticed a death yak
 15352 | Lair:4   | Noticed a death yak
 15352 | Lair:4   | Noticed a death yak
 15394 | Lair:4   | Killed a death yak
 15398 | Lair:4   | Killed a death yak
 15695 | Lair:4   | Killed a death yak
 16308 | Lair:5   | Found a viscous altar of Jiyva.
 16308 | Lair:5   | Found a staircase to the Slime Pits.
 16337 | Lair:5   | Reached XP level 13. HP: 70/104 MP: 13/13
 16577 | Lair:5   | Reached skill level 13 in Polearms
 17279 | Lair:5   | Noticed a six-headed hydra
 17289 | Lair:5   | Killed a six-headed hydra
 17561 | Lair:6   | Entered Level 6 of the Lair of Beasts
 17581 | Lair:6   | Reached ***** piety under Wu Jian
 18034 | Lair:6   | HP: 4/106 [wolf spider (12)]
 18036 | Lair:6   | Slain by a wolf spider

Illustrated notes

Levels and vault maps discovered:
D:1:      minmay_arrival_solitary_statue, layout_loops_ring,
          chequers_serial_rivers_micro_e
D:2:      cheibrodos_greedy_goblins, layout_basic, kennysheep_big_empty_room,
          fountainhead, grunt_gozag_breadcrumbs, uniq_jessica, uniq_robin
D:3:      layout_basic, nemelex_diamond_rough_becter
D:4:      layout_basic, vehumet_crystals, first_ration, nicolae_ru_awakened_eye
D:5:      layout_rooms, marbit_many_paths, serial_shops, shop_coins,
          nicolae_shop_temple_entry_statues_fountains, kennysheep_little_box,
          chequers_ossuary_entry_cave, ebering_ghost_reflecting_pool,
          serial_glass, glass_columns_a, glass_columns_a, glass_columns_a,
          uniq_menkaure
D:6:      layout_rooms, minmay_temple_entry_statues_pillars, serial_shops, shop
D:7:      statuecave_lemuel, layout_loops_ring, grunt_temple_overflow_open,
          minmay_misc_feat_ornament
D:8:      layout_basic, lemuel_round_altar, blue_anna_alchemist
          [blue_anna_fruit_fields, blue_anna_fruit_fields],
          minmay_misc_feat_diagonals
D:9:      layout_loops_corners, due_lair_maze_entry_diamond, patterned_corridor
D:10:     layout_gridville, david_orc_5, enter_trove_0, uniq_sonja, uniq_psyche
Temple:   minmay_temple_curvy_loop
Lair:1:   layout_chaotic_city, guppyfry_lair_drakes, grunt_megastairs_2,
          lemuel_fruit_tree
Lair:2:   layout_regular_city, kennysheep_rathole, minmay_lair_oklob_chamber,
          grunt_megastairs_4
Lair:3:   minmay_lair_venomous_thicket, layout_chaotic_city,
          nicolae_spider_entry_orb_guardian, grunt_megastairs_1
Lair:4:   wander_river, layout_regular_city, shoals_dummy_entry,
          serial_bayou_shore_b
Lair:5:   layout_long_grid, slime_altar_1, nicolae_quartered_pool_little
Lair:6:   hangedman_lair_caniforms_friends, layout_regular_city,
          hangedman_lair_tendril_chambers, gammafunk_ghost_hydra_chop

Skill      XL: |  1  2  3  4  5  6  7  8  9 10 11 12 13 |
---------------+----------------------------------------+-----
Shields        | 4 5 6 7 9 10 11 12 | 12.1
Polearms       | 3 4 5 7 8 10 11 12 13 | 13.7
Armour         | 4 5 6 7 8 9 10 11 | 11.3
Fighting       | 4 5 6 7 8 9 10 11 | 11.3

Action                   |  1- 3 |  4- 6 |  7- 9 | 10-12 | 13-15 || total
-------------------------+-------+-------+-------+-------+-------++-------
Melee: Trident           |   151 |   343 |   447 |   672 |   232 ||  1845
Invok: Whirlwind         |       |       |     1 |     6 |     5 ||    12
       Lunge             |       |       |       |     1 |       ||     1
 Abil: Dig               |       |     2 |       |       |       ||     2
       Shaft Self        |       |       |     1 |       |       ||     1
       Wall Jump         |       |       |       |     3 |     8 ||    11
Evoke: Wand              |       |       |       |     4 |     4 ||     8
  Use: Potion            |       |       |     4 |       |     1 ||     5
       Scroll            |       |       |     7 |     2 |       ||     9
  Eat: Chunk             |     1 |    10 |     6 |    18 |     3 ||    38
       Ration            |       |       |     3 |     2 |     1 ||     6
Armor: Scale mail        |    46 |   101 |    68 |       |       ||   215
       Plate armour      |       |       |    66 |   185 |    54 ||   305
Dodge: Dodged            |    39 |    79 |   105 |   123 |    25 ||   371
Block: Kite shield       |    71 |   170 |   195 |   269 |    85 ||   790

Table legend:
 A = Non-vault XP
 B = Vault XP
 C = Vault XP percentage of total XP
 D = Non-vault monster count
 E = Vault monster count
 F = Vault count percentage of total count
                 A         B        C        D         E       F
            +---------+---------+-------+---------+---------+-------
      Total |   28510 |    9155 |  24.3 |     290 |      94 |  24.5
            +---------+---------+-------+---------+---------+-------
        D:1 |      57 |       0 |   0.0 |      30 |       0 |   0.0
        D:2 |      69 |      86 |  55.5 |      22 |      20 |  47.6
        D:3 |     192 |       0 |   0.0 |      34 |       0 |   0.0
        D:4 |     150 |       0 |   0.0 |       8 |       0 |   0.0
        D:5 |     533 |     190 |  26.3 |      17 |       2 |  10.5
        D:6 |     641 |       0 |   0.0 |      21 |       0 |   0.0
        D:7 |     502 |       0 |   0.0 |      19 |       0 |   0.0
        D:8 |    1797 |     100 |   5.3 |      30 |       1 |   3.2
        D:9 |    1350 |    1168 |  46.4 |      20 |       9 |  31.0
       D:10 |       0 |     128 | 100.0 |       0 |       2 | 100.0
     Lair:1 |    3211 |    1289 |  28.6 |      16 |       6 |  27.3
     Lair:2 |    3205 |     408 |  11.3 |      12 |      13 |  52.0
     Lair:3 |    4047 |    2208 |  35.3 |      21 |      14 |  40.0
     Lair:4 |    4085 |       0 |   0.0 |       9 |       0 |   0.0
     Lair:5 |    8566 |     292 |   3.3 |      30 |       1 |   3.2
     Lair:6 |     105 |    3107 |  96.7 |       1 |      10 |  90.9
    Ossuary |       0 |     179 | 100.0 |       0 |      16 | 100.0
            +---------+---------+-------+---------+---------+-------
